 Dungeon Crawl Stone Soup version 0.29.1-2-gbd0b4ee654 (webtiles) character file.

Game seed: 17847436873463595791

3502 safid the Skirmisher (level 9, -6/81 HPs)
             Began as a Minotaur Hunter on Nov 7, 2022.
             Was a Believer of Okawaru.
             Mangled by a small abomination (11 damage)
             ... on level 1 of the Abyss.
             The game lasted 00:13:36 (6763 turns).

safid the Skirmisher (Minotaur Hunter)              Turns: 6763, Time: 00:13:38

Health: -6/81      AC:  8    Str: 21    XL:     9   Next: 80%
Magic:  0/8        EV: 15    Int:  6    God:    Okawaru [**....]
Gold:   496        SH:  0    Dex: 19    Spells: 8/8 levels left

rFire   . . .      SeeInvis .   r - +0 arbalest (flame)
rCold   + . .      Faith    .   (shield currently unavailable)
rNeg    . . .      Spirit   +   f - +0 scale mail
rPois   .          Reflect  .   (helmet restricted)
rElec   .          Harm     .   A - +0 cloak
rCorr   +          Rampage  .   a - +0 pair of gloves "Keyrphi" {rC+ Str+6}
Will    .....                   (no boots)
Stlth   +.........              w - amulet of guardian spirit
HPRegen 0.23/turn               c - ring of resist corrosion
MPRegen 0.11/turn               (no ring)

@: studying Dodging
A: horns 2, retaliatory headbutt
a: Renounce Religion, Heroism


You were on level 1 of the Abyss.
You worshipped Okawaru.
Okawaru was pleased with you.
You visited 2 branches of the dungeon, and saw 9 of its levels.
You visited the Abyss 1 time.

You collected 496 gold pieces.

Inventory:

Hand Weapons
 r - a +0 arbalest of flaming (weapon)
Missiles
 l - 10 curare-tipped darts
 m - 2 throwing nets
Armour
 a - the +0 pair of gloves "Keyrphi" (worn) {rC+ Str+6}
   (You acquired it on level 7 of the Dungeon)

   Str:       It affects your strength (+6).
   rC:        It protects you from cold.
 f - a +0 scale mail (worn)
 A - a +0 cloak (worn)
Jewellery
 c - a ring of resist corrosion (left hand)
 s - a ring of ice
 w - an amulet of guardian spirit (around neck)
 y - a ring of fire
Wands
 x - a wand of digging (7)
 z - a wand of flame (11)
Scrolls
 b - a scroll of butterflies {unknown}
 j - a scroll of fear {unknown}
 k - 2 scrolls of magic mapping {unknown}
 n - a scroll of enchant armour
Potions
 d - 2 potions of curing {unknown}
 e - 2 potions of attraction {unknown}
 g - a potion of ambrosia {unknown}
 i - 2 potions of flight {unknown}
 o - a potion of lignification {unknown}
 p - a potion of brilliance {unknown}
 q - a potion of degeneration {unknown}
 t - 3 potions of haste {unknown}
 u - 2 potions of might {unknown}


   Skills:
 - Level 8.0 Fighting
 + Level 12.7 Ranged Weapons
 + Level 9.7 Dodging
 - Level 0.7 Stealth


You had 8 spell levels left.
You didn't know any spells.
Your spell library contained the following spells:

 Spells                   Type           Power      Damage    Failure   Level
 Slow                     Hex            0%         N/A       82%         1
 Confusing Touch          Hex            0%         N/A       99%         3
 Conjure Flame            Conj/Fire      0%         6-21      99%         3
 Ignite Poison            Fire/Tmut/Pois 0%         N/A       99%         3
 Vampiric Draining        Necr           0%         2d6       99%         3
 Sticky Flame             Conj/Fire      0%         2d3       100%        4


Dungeon Overview and Level Annotations

Branches:
Dungeon (8/15)             Temple (1/1) D:5
   Lair: D:8-11

Altars:
Ashenzari
Cheibriados
Dithmenos
Elyvilon
Fedhas
Gozag
Hepliaklqana
Kikubaaqudgha
Makhleb
Nemelex Xobeh
Okawaru
Qazlal
Sif Muna
Trog
Uskayaw
Vehumet
Wu Jian
Xom
Yredelemnul
The Shining One

Shops:
D:3 (   D:6 *

Annotations:
D:8 Psyche


Innate Abilities, Weirdness & Mutations

You have a pair of horns on your head.
You reflexively headbutt those who attack you in melee.


Message History

The tormentor calls on the powers of darkness!
Your body is wracked with pain!
The small abomination barely misses you.
The small abomination closely misses you.
The small abomination attacks as you move away!
The small abomination barely misses you.
You furiously retaliate!
You headbutt the small abomination, but do no damage.
The small abomination hits you.
The small abomination attacks as you move away!
The small abomination hits you! The small abomination hits you.
Blink to where?
Press: ? - help, Dir - move target
As you read the scroll labelled DASUMATIDOU, it crumbles to dust.
It was a scroll of blinking.
Okay, then.
The tormentor grins evilly.
The tormentor calls on the powers of darkness!
Your body is wracked with pain!
* * * LOW HITPOINT WARNING * * *
The tormentor calls on the powers of darkness!
Your body is wracked with pain!
* * * LOW HITPOINT WARNING * * *
The tormentor calls on the powers of darkness!
Your body is wracked with pain!
* * * LOW HITPOINT WARNING * * *
A chaos spawn comes into view.
A small abomination comes into view.
The tormentor calls on the powers of darkness!
Your body is wracked with pain!
* * * LOW HITPOINT WARNING * * *
The tormentor says, "I will drown you in your own blood."
The small abomination misses you. You furiously retaliate!
You headbutt the small abomination, but do no damage.
The tormentor calls on the powers of darkness!
Your body is wracked with pain!
* * * LOW HITPOINT WARNING * * *
The small abomination hits you!
You die...

2# #. .# #..
##.###.##
#........
#........
#........
#.x.4....
#@......§
#...........§
#..#...........
##..........
#..........
###########


You could see a tormentor, a chaos spawn and a small abomination.

Vanquished Creatures
  Prince Ribbit (D:5)
  Grinder (D:5)
  Menkaure (D:5)
  2 water moccasins
  An orc warrior (D:7)
  A sky beast (D:7)
  2 ice beasts
  4 ogres
  5 centaurs
  2 phantoms
  Blork the orc (D:5)
  A necrophage (D:6)
  2 bullfrogs
  5 scorpions
  4 wights (D:6)
  A howler monkey (D:7)
  2 orc priests (D:3)
  A gnoll bouda (D:4)
  3 hounds (D:7)
  A jelly (D:5)
  Jessica (D:3)
  4 iguanas
  6 orc wizards
  11 gnolls
  7 adders
  A shadow imp (D:6)
  A white imp (D:5)
  2 ufetubi (D:5)
  2 worms
  2 dart slugs
  18 orcs
  4 endoplasms
  5 giant cockroaches
  7 goblins
  8 hobgoblins
  8 jackals
  5 kobolds
  3 quokkas
  5 ball pythons
  5 bats
  3 frilled lizards
  5 rats
154 creatures vanquished.

Vanquished Creatures (others)
  A kobold (D:8)
1 creature vanquished.

Grand Total: 155 creatures vanquished

Notes
Turn   | Place    | Note
-------+----------+-------------------------------------------
     0 | D:1      | safid the Minotaur Hunter began the quest for the Orb.
     0 | D:1      | Reached XP level 1. HP: 18/18 MP: 0/0
   343 | D:1      | Reached XP level 2. HP: 26/26 MP: 1/1
   965 | D:2      | You fall into a shaft and drop 1 floor!
   965 | D:3      | Found Yskegeda's Weapon Shop.
  1008 | D:3      | Reached skill level 5 in Ranged Weapons
  1008 | D:3      | Reached XP level 3. HP: 31/31 MP: 2/2
  1326 | D:2      | Reached XP level 4. HP: 33/40 MP: 3/3
  2157 | D:3      | Noticed Jessica
  2164 | D:3      | Killed Jessica
  2165 | D:3      | Reached XP level 5. HP: 38/47 MP: 4/4
  2239 | D:3      | Reached skill level 5 in Fighting
  2239 | D:3      | Reached skill level 6 in Ranged Weapons
  2837 | D:4      | Reached XP level 6. HP: 36/57 MP: 5/5
  3445 | D:4      | Noticed an ice beast
  3446 | D:4      | Killed an ice beast
  3576 | D:5      | Entered Level 5 of the Dungeon
  3601 | D:5      | Noticed a water moccasin
  3606 | D:5      | Killed a water moccasin
  3607 | D:5      | Reached XP level 7. HP: 27/64 MP: 6/6
  3858 | D:5      | Reached skill level 7 in Ranged Weapons
  3878 | D:5      | Reached skill level 5 in Dodging
  3890 | D:5      | Noticed Prince Ribbit
  3896 | D:5      | Killed Prince Ribbit
  4127 | D:5      | Noticed Menkaure
  4130 | D:5      | Killed Menkaure
  4131 | D:5      | Reached XP level 8. HP: 74/74 MP: 7/7
  4167 | D:5      | Noticed Blork the orc
  4172 | D:5      | Killed Blork the orc
  4241 | D:5      | Reached skill level 8 in Ranged Weapons
  4391 | D:5      | Noticed Grinder
  4394 | D:5      | Paralysed by Grinder for 5 turns
  4401 | D:5      | Killed Grinder
  4480 | D:5      | Reached skill level 9 in Ranged Weapons
  4675 | D:5      | Found a staircase to the Ecumenical Temple.
  4683 | Temple   | Entered the Ecumenical Temple
  4723 | Temple   | Became a worshipper of Warmaster Okawaru
  4918 | D:6      | Reached skill level 10 in Ranged Weapons
  4966 | D:6      | Reached XP level 9. HP: 80/81 MP: 6/8
  4990 | D:6      | Found an ancient bone altar of Kikubaaqudgha.
  4990 | D:6      | Found a blossoming altar of Fedhas.
  5092 | D:6      | Found Xiydig's Blasphemy Boutique.
  5108 | D:6      | Reached * piety under Okawaru
  5109 | D:6      | Reached skill level 11 in Ranged Weapons
  5741 | D:7      | Reached skill level 12 in Ranged Weapons
  6240 | D:7      | Identified a scroll of acquirement
  6241 | D:7      | Acquired the +0 pair of gloves "Keyrphi" {rC+ Str+6}
  6279 | D:7      | Reached ** piety under Okawaru
  6657 | D:8      | Noticed Psyche
  6661 | Abyss:1  | Cast into level 1 of the Abyss (Psyche)
  6676 | Abyss:1  | Noticed a large abomination
  6730 | Abyss:1  | Noticed a tormentor
  6763 | Abyss:1  | Mangled by a small abomination

Illustrated notes

Levels and vault maps discovered:
D:1:      dpeg_arrival_more_subterranean_lakeside_camping, layout_loops_ring
D:2:      layout_rooms
D:3:      layout_loops_ring, serial_shops, nicolae_shop_bloodbath_and_beyond,
          hangedman_decor_riveting, dk_noncrumbling_4, uniq_jessica
D:4:      minmay_chambers_of_threes, layout_cave_pools, minmay_manual_maat
D:5:      layout_loops_ring, minmay_temple_entry_glassed_door,
          uniq_blork_the_orc, uniq_menkaure, uniq_prince_ribbit1, uniq_grinder
D:6:      layout_rooms, grunt_temple_overflow_growth_and_decay,
          nicolae_evil_shop
D:7:      layout_basic
D:8:      layout_rooms, ebering_ghost_rock_garden, nrook_loot_triangle,
          uniq_psyche
Temple:   compressed_dpeg_circular_temple
Abyss:1:  base: D:6, small_statue_intersection

Skill      XL: |  1  2  3  4  5  6  7  8  9 |
---------------+----------------------------+-----
Fighting       | 3 4 6 7 8 |  8.0
Ranged Weapons | 5 6 7 10 12 | 12.7
Dodging        | 4 6 8 9 |  9.7
Stealth        | |  0.7

Action                   |  1- 3 |  4- 6 |  7- 9 || total
-------------------------+-------+-------+-------++-------
 Fire: Shortbow          |    72 |    78 |       ||   150
       Arbalest          |       |    79 |   175 ||   254
  Use: Scroll            |       |       |    11 ||    11
Armor: Scale mail        |     6 |    51 |    23 ||    80
       Leather armour    |     2 |       |       ||     2
Dodge: Dodged            |    24 |    84 |    87 ||   195
